 Dungeon Crawl Stone Soup version 0.23.1 (webtiles) character file.

Game seed: 0

757 Norn the Cudgeler (level 7, 0/44 HPs)
             Began as a Gargoyle Gladiator on Mar 3, 2019.
             Slain by an ogre
             ... wielding a +0 giant club
              (20 damage)
             ... on level 4 of the Dungeon.
             The game lasted 00:06:38 (3729 turns).

Norn the Cudgeler (Gargoyle Gladiator)              Turns: 3729, Time: 00:06:39

Health: 0/44       AC: 10    Str: 20    XL:     7   Next: 79%
Magic:  7/7        EV: 12    Int:  8    God:
Gold:   200        SH:  0    Dex: 11    Spells: 6/6 levels left

rFire    . . .     SeeInvis .   a - +0 flail
rCold    . . .     Gourm    .   (no shield)
rNeg     + . .     Faith    .   b - +0 leather armour
rPois    ∞         Spirit   .   c - +0 helmet
rElec    +         Reflect  .   p - +0 cloak
rCorr    .         Harm     .   (no gloves)
MR       .....                  (no boots)
Stlth    +.........             (no amulet)
HPRegen  0.14/turn              (no ring)
MPRegen  0.10/turn              (no ring)

@: no status effects
A: negative energy resistance 1, electricity resistance, unbreathing,
petrification resistance, rot immunity, AC +4
a: no special abilities


You were on level 4 of the Dungeon.
You were hungry.

You visited 1 branch of the dungeon, and saw 4 of its levels.

You collected 200 gold pieces.

Inventory:

Hand Weapons
 a - a +0 flail (weapon)
Missiles
 d - 3 throwing nets (quivered) {!f}
Armour
 b - a +0 leather armour (worn)
 c - a +0 helmet (worn)
 p - a +0 cloak (worn)
   (You took it off Crazy Yiuf on level 2 of the Dungeon)
Jewellery
 l - an uncursed ring of protection from cold {unknown}
   (You found it on level 2 of the Dungeon)
 n - an uncursed ring of fire {unknown}
   (You found it on level 2 of the Dungeon)
 s - an uncursed amulet of guardian spirit {unknown}
   (You found it on level 4 of the Dungeon)
Scrolls
 i - a scroll of identify {unknown}
 j - 4 scrolls of magic mapping {unknown}
 k - a scroll of fog {unknown}
 o - a scroll of blinking {unknown}
 r - a scroll of enchant armour {unknown}
 u - a scroll of random uselessness {unknown}
Potions
 f - a potion of haste {unknown}
 g - 2 potions of curing {@q1}
 h - a potion of agility {unknown}
 q - 2 potions of magic {unknown}
 t - a potion of might {unknown}
Comestibles
 e - 7 rations {!d}
 m - 2 chunks of flesh


   Skills:
 + Level 5.0 Fighting
 * Level 6.6 Maces & Flails
 - Level 1.7 Throwing
 + Level 4.3 Armour
 - Level 2.4 Dodging


You had 6 spell levels left.
You didn't know any spells.
Your spell library was empty.

Dungeon Overview and Level Annotations

Branches:
Dungeon (4/15)
 Temple: D:4-7

Altars:
Dithmenos
Sif Muna


Innate Abilities, Weirdness & Mutations

You are resistant to torment.
Your stone body is resilient. (AC +4)
You are immune to poison.
You resist negative energy. (rN+)
You are resistant to electric shocks. (rElec)
You can survive without breathing.
You are immune to petrification.
You are immune to rotting.


Message History

No target in view!
Some of the chunks of flesh in your inventory have rotted away.
There is a stone staircase leading up here.
An adder comes into view.
The adder hisses angrily.
An adder is nearby!
An adder is nearby!
The adder bites you.
An adder is nearby!
You barely miss the adder. The adder bites you but does no damage.
The adder closely misses you.
You hit the adder. The adder bites you.
You closely miss the adder. The adder bites you.
You miss the adder. The adder bites you but does no damage.
The adder misses you.
You miss the adder. The adder closely misses you.
You closely miss the adder. The adder barely misses you.
You hit the adder. The adder closely misses you. x2
You miss the adder. The adder barely misses you.
You miss the adder. The adder bites you.
You sock the adder!
You kill the adder!
Your Fighting skill increases to level 5!
Found a stone staircase leading up.
Found 18 gold pieces.
Found a scroll labeled XYBUTU CIXZUI.
No target in view!
No target in view!
u - a scroll labeled XYBUTU CIXZUI No target in view!
Found a cloak.
You see here a cloak.
Key pressed, stopping explore.
No target in view!
You open the door.
There is an open door here.
An ogre comes into view. It is wielding a +0 giant club.
The ogre shouts!
An ogre is nearby!
The ogre hits you with a +0 giant club!!
Ouch! That really hurt!
* * * LOW HITPOINT WARNING * * *
You are feeling hungry.
You barely miss the ogre. The ogre hits you with a +0 giant club.
* * * LOW HITPOINT WARNING * * *
You hit the ogre. You completely miss the ogre.
The ogre hits you but does no damage.
You thump the ogre!
The ogre hits you with a +0 giant club!!
You die...

##.###
#.....[..........#
.....#
#.##############.#
.....# #.# #..........#
.....######.###
#.##########
.....##.......# #.#
.....##.......###.#
..............'...#
.....##.......##########
................@O......
..#####.......##########
... #.......# ##.
#.......# $#. #.......#
## #####.### #. #.


You could see an ogre.

Vanquished Creatures
  Sigmund (D:2)
  Eustachio (D:4)
  An ogre (D:4)
  A hound (D:4)
  An orc priest (D:3)
  Crazy Yiuf (D:2)
  Jessica (D:2)
  2 orc wizards (D:4)
  A worker ant (D:4)
  A hound skeleton (D:4)
  3 gnolls (D:3)
  5 adders
  3 worms
  3 dart slugs
  2 leopard geckos
  12 orcs
  8 bats
  5 giant cockroaches
  6 goblins
  8 hobgoblins
  A jackal (D:2)
  A quokka (D:4)
  3 ball pythons
  5 frilled lizards
  7 kobolds
  8 rats
91 creatures vanquished.

Notes
Turn   | Place    | Note
-------+----------+-------------------------------------------
     0 | D:1      | Norn the Gargoyle Gladiator began the quest for the Orb.
     0 | D:1      | Reached XP level 1. HP: 12/12 MP: 1/1
   111 | D:1      | Reached XP level 2. HP: 18/18 MP: 2/2
   218 | D:1      | Reached skill level 1 in Armour
   290 | D:1      | Reached XP level 3. HP: 22/22 MP: 3/3
   900 | D:2      | Noticed Sigmund
   921 | D:2      | Killed Sigmund
   921 | D:2      | Reached skill level 5 in Maces & Flails
   921 | D:2      | Reached XP level 4. HP: 16/29 MP: 4/4
   921 | D:2      | Reached XP level 5. HP: 19/33 MP: 5/5
  1143 | D:2      | Found a deep blue altar of Sif Muna.
  1150 | D:2      | Found a shadowy altar of Dithmenos.
  1649 | D:2      | Found a runed translucent door.
  1650 | D:2      | Noticed Crazy Yiuf
  1665 | D:2      | Noticed Jessica
  1671 | D:2      | Killed Jessica
  1671 | D:2      | Reached XP level 6. HP: 35/38 MP: 6/6
  1951 | D:2      | Killed Crazy Yiuf
  3121 | D:4      | Reached XP level 7. HP: 44/44 MP: 7/7
  3274 | D:4      | Noticed Eustachio
  3297 | D:4      | Killed Eustachio
  3297 | D:4      | Reached skill level 6 in Maces & Flails
  3625 | D:4      | Reached skill level 5 in Fighting
  3729 | D:4      | Slain by an ogre

Skill      XL: |  1  2  3  4  5  6  7 |
---------------+----------------------+-----
Armour         | 1 2 3 4 |  4.3
Fighting       | 3 4 5 |  5.0
Maces & Flails | 5 6 |  6.6
Throwing       | |  1.7
Dodging        | |  2.4

Action                   |  1- 3 |  4- 6 |  7- 9 || total
-------------------------+-------+-------+-------++-------
Melee: Flail             |   137 |   140 |    80 ||   357
  Eat: Chunk             |       |     7 |     2 ||     9
Armor: Leather armour    |    81 |    48 |    25 ||   154
Dodge: Dodged            |   124 |   115 |    44 ||   283
